Map: Whispers of Gold

Players

艾佛伸

  • Race: Protoss Protoss
  • League: Platinum
  • Spawn Location: 9:00

llllllllllll - Winner!

  • Race: Protoss Protoss
  • League: Platinum
  • Spawn Location: 5:00

VOD

Have the link to the VOD?

Description

Time

  • Played on: April 25, 2025, 5:33 a.m.
  • Length: 2:58
Show
View Real Time Build Order
Export as new Build Order

艾佛伸 Protoss 

Build Orders: 1 Gate Expand 

Get SALT Encoding   

  12  0:00  Probe  
  13  0:12  Probe  
  14  0:24  Probe, Pylon  
  15  0:30  Assimilator  
  15  0:42  Probe  
  16  0:50  Gateway, Probe  
  17  0:58  Probe  
  18  1:09  Probe  
  19  1:21  Probe  
  20  1:34  Nexus  
  20  1:43  Probe  
  20  1:44  Zealot  
  23  1:56  Forge  
  23  2:19  Pylon  
  23  2:27  Cybernetics Core  
  22  2:37  Photon Cannon  
  22  2:43  Photon Cannon  
  23  2:53  Photon Cannon  
Show
View Real Time Build Order
Export as new Build Order

llllllllllll Protoss - Winner!

Build Orders:  

Get SALT Encoding   

  12  0:01  Probe  
  13  0:13  Probe  
  14  0:19  Pylon  
  14  0:25  Probe  
  15  0:37  Gateway  
  15  0:42  Assimilator  
  15  0:50  Pylon  
  15  1:08  Gateway  
  15  1:15  Gateway  
  15  1:30  Cybernetics Core  
  15  1:35  Probe  
  16  1:47  Probe  
  17  1:54  Stalker x2  
  21  2:20  Stalker x2  
Tags
 
Add a new tag
Caveats
  • Supply blocks, unpowered buildings, or Contaminate may cause inaccurate times.
  • Supply counts are checked every 10 seconds.